 Dungeon Crawl Stone Soup version 0.30-a0-23-ge60ba3568b (webtiles) character file.

Game seed: 1277183011888114983

306148 SolCadguy the Executioner (level 20, -16/190 HPs)
             Began as a Palentonga Fighter on Nov 4, 2021.
             Was a Follower of Qazlal.
             Demolished by an orc knight
             ... wielding a +0 broad axe of electrocution
             ... created by the fury of Okawaru
              (19 damage)
             ... on level 3 of the Vaults on Aug 26, 2022.
             The game lasted 04:24:21 (48585 turns).

SolCadguy the Executioner (Palentonga Fighter)     Turns: 48585, Time: 04:24:21

Health: -16/190    AC: 45    Str: 27    XL:     20   Next: 30%
Magic:  37/37      EV:  5    Int: 16    God:    Qazlal [*.....]
Gold:   3607       SH:  2    Dex: 17    Spells: 6/25 levels left

rFire   + . .      SeeInvis +    w - +3 executioner's axe (drain)
rCold   + + .      Faith    .    (shield currently unavailable)
rNeg    . . .      Spirit   .    c - +4 plate armour {rC+}
rPois   .          Reflect  .    q - +1 helmet of the Unbroken {Regen+ SInv}
rElec   .          Harm     .    V - +2 cloak of Sloth {+Inv MP+9 Int-2 Dex+4}
rCorr   .          Rampage  +    h - +0 pair of gloves
Will    ++...                    t - +3 barding {rF+}
Stlth   ..........               X - amulet "Wala" {Rampage Regen+ Int+4 Dex+2}
HPRegen 2.01/turn                b - +4 ring of protection
MPRegen 0.25/turn                H - ring of the Swan {rC+ Will+ Str+3 Int+3}

@: curled up
A: large, rugged brown scales 3, see invisible, deformed body, roll 1, armoured
tail, reflexive curl
}: 2/15 runes: barnacled, gossamer
a: Rolling Charge, Renounce Religion, Evoke Invisibility


You were on level 3 of the Vaults.
You worshipped Qazlal.
Qazlal was aware of your devotion.
You visited 7 branches of the dungeon, and saw 35 of its levels.
You also visited: Sewer, Ice Cave and Desolation.

You collected 3840 gold pieces.
You spent 233 gold pieces at shops.

Inventory:

Hand Weapons
 a - a +2 vampiric war axe
 j - the +4 flail "Voskohui" {venom, Will+}
   (You found it on level 3 of the Spider Nest)

   It poisons the flesh of those it strikes.
   Will:      It increases your willpower.
 v - a +2 trident of holy wrath
 w - a +3 executioner's axe of draining (weapon)
 R - a +1 great mace of protection
Missiles
 E - 7 throwing nets
 K - 48 poisoned darts
 Z - 20 boomerangs (quivered)
Armour
 c - a +4 plate armour of cold resistance (worn)
 h - a +0 pair of gloves (worn)
 q - the +1 helmet of the Unbroken (worn) {Regen+ SInv}
   (Okawaru gifted it to you on level 6 of the Lair of Beasts)

   SInv:      It lets you see invisible.
   Regen:     It increases your rate of health regeneration.
 s - +2 storm dragon scales {Bai Suzhen}
 t - a +3 barding of fire resistance (worn)
 C - a +1 buckler of protection
 V - the +2 cloak of Sloth (worn) {+Inv MP+9 Int-2 Dex+4}
   (You found it on level 11 of the Dungeon)

   Int:       It affects your intelligence (-2).
   Dex:       It affects your dexterity (+4).
   MP:        It affects your magic capacity (+9).
   +Inv:      It lets you turn invisible.
Jewellery
 b - a +4 ring of protection (left hand)
 e - a ring of flight
 i - a ring of willpower
 o - a ring of protection from fire
 H - the ring of the Swan (right hand) {rC+ Will+ Str+3 Int+3}
   (You found it on level 6 of the Lair of Beasts)

   [ring of protection from cold]

   Str:       It affects your strength (+3).
   Int:       It affects your intelligence (+3).
   rC:        It protects you from cold.
   Will:      It increases your willpower.
 J - a +4 ring of slaying
 W - a +6 ring of strength
 X - an amulet "Wala" (around neck) {Rampage Regen+ Int+4 Dex+2}
   (You found it in the Desolation of Salt)

   [amulet of regeneration]

   Int:       It affects your intelligence (+4).
   Dex:       It affects your dexterity (+2).
   Regen:     It increases your rate of health regeneration.
   Rampage:   It bestows one free step when moving towards enemies.
Wands
 m - a wand of mindburst (41)
 n - a wand of paralysis (41)
 F - a wand of acid (15)
 G - a wand of polymorph (25)
 T - a wand of iceblast (28)
Scrolls
 d - 2 scrolls of fear
 r - a scroll of magic mapping
 u - 14 scrolls of identify
 x - a scroll of amnesia
 y - 12 scrolls of teleportation
 N - a scroll of silence
 P - a scroll of holy word
 S - 2 scrolls of fog
Potions
 g - 2 potions of cancellation
 k - 3 potions of haste
 l - 2 potions of might
 p - a potion of magic
 z - 3 potions of flight
 A - 3 potions of curing
 B - 3 potions of brilliance
 M - a potion of heal wounds
 O - 6 potions of ambrosia
Miscellaneous
 I - a phial of floods (inert)
 U - a tin of tremorstones (2/2)


   Skills:
 + Level 20.7 Fighting
 + Level 22.1 Axes
 + Level 12.3 Armour
 - Level 3.1 Dodging
 - Level 2.9 Shields
 - Level 3.4 Spellcasting
 - Level 2.1 Hexes
 - Level 11.8 Translocations
 - Level 10.7 Invocations
 + Level 7.7 Evocations


You had 6 spell levels left.
You knew the following spells:

 Your Spells              Type           Power      Damage    Failure   Level
a - Blink                 Tloc           80%        N/A       1%          2
b - Lesser Beckoning      Tloc           40%        N/A       3%          3
c - Portal Projectile     Hex/Tloc       50%        N/A       22%         3
d - Manifold Assault      Tloc           40%        N/A       28%         5
e - Gell's Gravitas       Tloc           40%        N/A       3%          3
f - Teleport Other        Tloc           40%        N/A       3%          3

Your spell library contained the following spells:

 Spells                   Type           Power      Damage    Failure   Level
 Slow                     Hex            36%        N/A       50%         1
 Iskenderun's Mystic Bla  Conj/Tloc      21%        2d6       75%         4
 Ensorcelled Hibernation  Hex/Ice        12%        N/A       78%         2
 Foxfire                  Conj/Fire      8%         2x1d4     80%         1
 Shock                    Conj/Air       8%         1d3       80%         1
 Dispersal                Tloc           20%        N/A       83%         6
 Confusing Touch          Hex            9%         N/A       86%         3
 Static Discharge         Conj/Air       2%         3-4/arc   90%         2
 Dazzling Flash           Conj/Hex       12%        N/A       95%         3
 Inner Flame              Hex/Fire       6%         N/A       95%         3
 Summon Guardian Golem    Hex/Summ       6%         N/A       95%         3
 Summon Forest            Summ/Tloc      10%        N/A       97%         5
 Conjure Flame            Conj/Fire      2%         6-21      99%         3
 Frozen Ramparts          Ice            4%         1d1       99%         3
 Ignite Poison            Fire/Tmut/Pois 2%         N/A       99%         3
 Mephitic Cloud           Conj/Pois/Air  2%         N/A       99%         3
 Ozocubu's Armour         Ice            2%         N/A       99%         3
 Spider Form              Tmut/Pois      2%         N/A       99%         3
 Swiftness                Air            2%         N/A       99%         3
 Vampiric Draining        Necr           2%         2d6       99%         3
 Airstrike                Air            1%         2d(1-17)  100%        4
 Animate Dead             Necr           2%         N/A       100%        4
 Flame Wave               Conj/Fire      2%         2d4       100%        4
 Fulminant Prism          Conj/Hex       3%         3d6       100%        4
 Ice Form                 Ice/Tmut       2%         N/A       100%        4
 Leda's Liquefaction      Hex/Erth       3%         N/A       100%        4
 Summon Ice Beast         Ice/Summ       2%         N/A       100%        4
 Agony                    Necr           2%         N/A       100%        5
 Blade Hands              Tmut           1%         N/A       100%        5
 Borgnjor's Vile Clutch   Necr/Erth      1%         N/A       100%        5
 Freezing Cloud           Conj/Ice/Air   1%         6-21      100%        5
 Irradiate                Conj/Tmut      1%         3d12      100%        5
 Lee's Rapid Deconstruct  Erth           1%         3d5*      100%        5
 Lightning Bolt           Conj/Air       1%         1d12      100%        5
 Metabolic Englaciation   Hex/Ice        3%         N/A       100%        5
 Silence                  Hex/Air        3%         N/A       100%        5
 Summon Mana Viper        Hex/Summ       6%         N/A       100%        5
 Death Channel            Necr           1%         N/A       100%        6
 Simulacrum               Ice/Necr       1%         N/A       100%        6
 Starburst                Conj/Fire      1%         6d3       100%        6
 Statue Form              Tmut/Erth      1%         N/A       100%        6
 Summon Cactus Giant      Summ           1%         N/A       100%        6
 Dragon Form              Tmut           1%         N/A       100%        7
 Orb of Destruction       Conj           1%         9d5       100%        7
 Ozocubu's Refrigeration  Ice            1%         4d7       100%        7
 Spellforged Servitor     Conj/Summ      1%         N/A       100%        7
 Disjunction              Tloc           20%        N/A       100%        8
 Maxwell's Capacitive Co  Air            1%         ∞         100%        8


Dungeon Overview and Level Annotations

Branches:
Dungeon (15/15)            Temple (1/1) D:6            Lair (6/6) D:8
 Shoals (4/4) Lair:3       Spider (4/4) Lair:2        Slime (0/5) Lair:5
    Orc (2/2) D:12            Elf (0/3) Orc:2        Vaults (3/5) D:13
  Crypt (0/3) Vaults:3     Depths (0/4) D:15          Sewer (visited)
  IceCv (visited)         Desolation (visited)

Altars:
Ashenzari
Cheibriados
Dithmenos
Elyvilon
Fedhas
Gozag
Hepliaklqana
Kikubaaqudgha
Makhleb
Nemelex Xobeh
Okawaru
Qazlal
Ru
Sif Muna
Trog
Uskayaw
Vehumet
Wu Jian
Xom
Yredelemnul
Zin
The Shining One

Shops:
D:5 ?   D:6 [**   D:9 *   D:12 [   D:15 ?   Orc:2 [*[*   Shoals:1 [
Shoals:2 *   Vaults:1 *   Vaults:2 *:

Annotations:
Lair:1 2 transporters, Aqauggits's ghost, journeyman PaFi
Lair:5 exclusion: 2 oklob plants
Shoals:3 3 runed translucent doors
Spider:4 3 runed translucent doors, Plog's ghost, adept MiBe
Orc:2 Rupert


Innate Abilities, Weirdness & Mutations

You are completely covered in rugged brown scales. (AC +3, +7% HP)
You have supernaturally acute eyesight. (SInv)
Armour fits poorly on your strangely shaped body.
You can roll at nearby foes to attack.
You have a long armoured tail.
You curl defensively after being hit. (AC +7*)


Message History

The orc warlord barely misses you.
You hit the orc warlord. You drain the orc warlord.
The orc warlord is lightly wounded.
Unknown command.
You hit the orc warlord. You drain the orc warlord.
The orc warlord is lightly wounded.
The orc warlord hits you with a +0 glaive!!!
You chop the orc warlord into pieces!!! You drain the orc warlord!
The orc warlord is heavily wounded.
You hit the stone giant but do no damage.
You drain the stone giant. You slice the orc warlord!!
You block the stone giant's attack.
The orc warlord roars a battlecry!
The orc knight goes into a battle-frenzy!
You slice the orc knight!!
The orc knight is heavily wounded.
You slash the stone giant! You drain the stone giant.
You slash the orc warlord! You barely miss the orc warlord.
The stone giant hits you! The orc warlord barely misses you.
The orc warlord hits you but does no damage.
You block the orc knight's attack.
You barely miss the orc knight.
The orc knight is heavily wounded.
You chop the orc warlord into pieces!!! You drain the orc warlord!
You hit the orc warlord but do no damage.
You slash the stone giant!
The orc warlord hits you with a +0 glaive!!
The orc warlord hits you with a +2 great mace of protection!!
The stone giant hits you!!
* * * LOW HITPOINT WARNING * * *
The orc knight hits you with a +0 broad axe of electrocution!!
* * * LOW HITPOINT WARNING * * *
You are electrocuted!
* * * LOW HITPOINT WARNING * * *
You feel much better.
The orc warlord hits you with a +0 glaive!!
* * * LOW HITPOINT WARNING * * *
The orc knight hits you but does no damage.
You are electrocuted!!
You die...

#........# #§o..# #........#
#....# #........# #....#
####'#########....#
#........##....# #........##....#
#........##....# #..[<....##....#
#..o@°...##oo..#
#..Coo...##....#####+
#........##.d..#.....
#........##o...).)...
#........##....#.....
#.....o..##....#.....
##############+####'###....#.....
........................)..#.....
....................[......#.....


You could see 2 orc warlords, a stone giant (drained) and 2 orc knights.

Vanquished Creatures
  Bai Suzhen (Vaults:3)
  Jorgrun (Spider:1)
  Mlioglotl (Shoals:2)
  2 titans
  Asterion (Spider:1)
  Agnes (Spider:1)
  Polyphemus (Arena)
  A kraken (Shoals:3)
  A tengu reaver (D:15)
  Frances (Spider:2)
  A revenant (Vaults:3)
  Ilsuiw (Shoals:2)
  Kirke (Lair:4)
  4 fire giants
  8 vault wardens
  5 ghost moths
  2 orc warlords (Vaults:2)
  Aizul (Lair:2)
  6 emperor scorpions (Spider:4)
  An imperial myrmidon (Desolation)
  9 ironbound preservers
  The ghost of Igaqag the Brawler, a journeyman TrMo of Jiyva (Arena)
  A stone giant (Vaults:2)
  Azrael (D:12)
  5 entropy weavers
  2 spark wasps (Spider:4)
  2 halazid warlocks (Desolation)
  12 dire elephants
  A white draconian (Vaults:3)
  An eidolon (Vaults:3)
  6 merfolk javelineers
  4 crystal guardians (Desolation)
  Josephine (D:10)
  8 yaktaur captains
  A jiangshi (Vaults:3)
  10 merfolk impalers
  2 great orbs of eyes (Vaults:1)
  5 ironbound thunderhulks
  11 peacekeepers (Desolation)
  7 boulder beetles
  6 ragged hierophants (Desolation)
  7 servants of whispers (Desolation)
  2 ogre magi
  8 hydras
  A merfolk aquamancer (Shoals:4)
  An alligator snapping turtle (Shoals:3)
  A catoblepas (Shoals:2)
  7 merfolk avatars
  8 centaur warriors
  9 two-headed ogres
  6 ironbound frosthearts
  18 death yaks
  3 satyrs
  An orc high priest (Orc:2)
  2 spectral death yaks (Lair:6)
  A spectral anaconda (Lair:6)
  9 sea snakes
  A skeletal warrior (D:10)
  23 deep trolls
  6 wizards
  A bog body (IceCv)
  An obsidian statue (Lair:6)
  10 ironbound convokers
  8 orc knights
  24 harpies
  A phantasmal warrior (Vaults:2)
  A tengu skeleton (Vaults:2)
  2 deep elf pyromancers
  2 lindwurms (Vaults:1)
  15 orb spiders
  A deep elf zephyrmancer (D:15)
  23 wolf spiders
  8 necromancers
  7 orc sorcerers
  8 cyclopes
  13 manticores
  9 fauns
  23 ugly things
  9 merfolk sirens
  6 black mambas
  12 elephants
  A naga mage (D:15)
  Joseph (D:9)
  3 guardian serpents (Desolation)
  15 vault sentinels
  A cane toad (shapeshifter) (D:13)
  A molten gargoyle (Desolation)
  A guardian serpent (shapeshifter) (D:13)
  2 torpor snails
  9 water nymphs
  2 unseen horrors (D:12)
  2 ice statues (IceCv)
  3 cane toads (Lair:6)
  7 komodo dragons
  A kobold demonologist (D:12)
  18 yaktaurs
  2 freezing wraiths
  A rime drake (Lair:4)
  An efreet (D:14)
  5 ice devils (IceCv)
  4 tengu conjurers
  15 demonic crawlers
  An anaconda simulacrum (IceCv)
  An entropy weaver simulacrum (IceCv)
  5 trolls
  3 meliai (D:14)
  4 wind drakes
  3 polar bears
  36 jumping spiders
  5 hornets
  23 merfolk
  54 saltlings (Desolation)
  2 meliai zombies
  Prince Ribbit (D:7)
  29 blink frogs
  11 snapping turtles
  11 dream sheep
  A human simulacrum (Vaults:2)
  27 slime creatures
  A spectral elephant (Lair:6)
  60 redbacks
  4 flying skulls (D:10)
  4 dire elephant simulacra (IceCv)
  6 shadows
  3 vampires
  18 water elementals
  8 wyverns
  3 spriggans (Lair:2)
  15 air elementals (Shoals:4)
  32 tarantellas
  4 wraiths
  60 yaks
  5 fire elementals
  5 basilisks
  5 humans (Lair:4)
  4 death yak simulacra
  10 vampire mosquitoes
  A steam dragon (D:6)
  4 harpy simulacra (IceCv)
  2 spectral cane toads (Lair:6)
  2 wargs
  An acid dragon (D:10)
  A hell hound (D:12)
  16 water moccasins
  Duvessa (D:7)
  2 ice beasts (D:6)
  An elephant zombie (Lair:6)
  5 black bears
  16 orc warriors
  2 sky beasts
  A necrophage (D:4)
  An elephant skeleton (Lair:6)
  9 ogres
  21 wolves
  3 boggarts (D:14)
  19 centaurs
  An elf simulacrum (Vaults:2)
  17 bullfrogs
  3 kobold brigands
  3 scorpions
  2 cane toad simulacra (Lair:6)
  A hornet simulacrum (D:14)
  Dowan (D:7)
  A water moccasin skeleton (D:5)
  4 elephant simulacra (Lair:6)
  3 killer bees (D:7)
  6 wights
  A vampire bat (D:4)
  4 howler monkeys
  5 electric eels
  13 centaur zombies
  A bullfrog zombie (D:6)
  4 jellies
  9 centaur skeletons
  25 orc priests
  A hound (D:5)
  A bullfrog skeleton (D:6)
  5 iguanas
  26 orc wizards
  2 troll simulacra (IceCv)
  A spriggan simulacrum (IceCv)
  A wolf simulacrum (IceCv)
  A killer bee zombie (D:9)
  2 howler monkey zombies (D:10)
  Robin (D:3)
  6 gnolls
  8 adders
  A naga simulacrum (IceCv)
  2 river rats (D:3)
  A white imp (D:8)
  5 worms
  3 dart slugs
  3 fire bats (D:4)
  37 orcs
  2 spectral bats (D:4)
  4 ball pythons
  11 bats
  3 bat skeletons (D:4)
  A bat zombie (D:4)
  7 endoplasms
  8 giant cockroaches
  22 goblins
  5 hobgoblins
  3 jackals (D:2)
  11 quokkas
  A bat simulacrum (D:4)
  6 frilled lizards
  19 kobolds
  8 rats
  A butterfly (D:8)
  A plant (Lair:2)
  5 tentacles (Shoals:3)
1431 creatures vanquished.

Vanquished Creatures (others)
  2 bushes (Lair:6)
  44 fungi
  142 plants
  3 tentacles (Shoals:3)
  32 withered plants
223 creatures vanquished.

Grand Total: 1654 creatures vanquished

Notes
Turn   | Place    | Note
-------+----------+-------------------------------------------
     0 | D:1      | SolCadguy the Palentonga Fighter began the quest for the
                  | Orb.
     0 | D:1      | Reached XP level 1. HP: 19/19 MP: 1/1
   161 | D:1      | Reached XP level 2. HP: 19/25 MP: 2/2
   273 | D:1      | Reached skill level 3 in Axes
   914 | D:2      | Reached XP level 3. HP: 26/31 MP: 3/3
  1372 | D:2      | Reached skill level 4 in Axes
  1840 | D:3      | Noticed Robin
  1865 | D:3      | Reached XP level 4. HP: 30/37 MP: 4/4
  1868 | D:3      | Killed Robin
  1894 | D:3      | Found a hazy altar of Hepliaklqana.
  1984 | D:3      | Reached skill level 5 in Axes
  2017 | D:3      | Reached XP level 5. HP: 37/43 MP: 5/5
  2021 | D:3      | Found a glowing drain.
  2180 | Sewer    | Entered a sewer
  2431 | Sewer    | Reached skill level 6 in Axes
  2957 | D:3      | Reached XP level 6. HP: 41/50 MP: 6/6
  3395 | D:3      | Found a broken altar of Ashenzari.
  3693 | D:4      | Identified the +0 scale mail "Dutsa" {Rampage rC+}
  3801 | D:4      | Reached skill level 7 in Axes
  4116 | D:4      | Gained mutation: You curl defensively after being hit. (AC
                  | +7*) [Palentonga growth]
  4116 | D:4      | Reached XP level 7. HP: 52/55 MP: 7/7
  4163 | D:4      | Reached skill level 8 in Axes
  4626 | D:4      | Noticed a hornet
  4640 | D:4      | Paralysed by a hornet for 1 turns
  4646 | D:4      | HP: 2/55 [hornet (11)]
  4646 | D:4      | Paralysed by a hornet for 1 turns
  4648 | D:4      | Killed a hornet
  4649 | D:4      | Reached skill level 9 in Axes
  5230 | D:5      | Entered Level 5 of the Dungeon
  5265 | D:5      | Found Poran's Magic Scroll Emporium.
  5285 | D:5      | Bought a scroll of identify for 20 gold pieces
  5285 | D:5      | Bought a scroll of teleportation for 30 gold pieces
  5423 | D:5      | Reached XP level 8. HP: 62/62 MP: 8/8
  5723 | D:5      | Reached skill level 10 in Axes
  5822 | D:6      | Reached skill level 11 in Axes
  5972 | D:6      | Found a shadowy altar of Dithmenos.
  6008 | D:6      | Found Voneuhu's Neck Hole.
  6028 | D:6      | Found a staircase to the Ecumenical Temple.
  6046 | Temple   | Entered the Ecumenical Temple
  6462 | D:6      | Reached XP level 9. HP: 67/67 MP: 9/9
  6478 | D:6      | Found Xuchon's Antique Armour Shop.
  6523 | D:6      | Reached skill level 12 in Axes
  6653 | D:6      | Found Cereupp's General Store.
  6658 | D:6      | Bought 2 potions of curing for 78 gold pieces
  6757 | D:7      | Noticed Prince Ribbit
  6762 | D:7      | Noticed Dowan
  6765 | D:7      | Noticed Duvessa
  6791 | D:7      | Killed Duvessa
  6793 | D:7      | Killed Dowan
  6796 | D:7      | Killed Prince Ribbit
  7221 | D:7      | Found an iron altar of Okawaru.
  7238 | D:7      | Became a worshipper of Warmaster Okawaru
  7644 | D:7      | Reached skill level 13 in Axes
  8196 | D:8      | Reached * piety under Okawaru
  8290 | D:8      | Found a shimmering altar of Xom.
  8301 | D:8      | Noticed a two-headed ogre
  8307 | D:8      | Killed a two-headed ogre
  8308 | D:8      | Reached skill level 5 in Fighting
  8670 | D:8      | Found a staircase to the Lair.
  8670 | D:8      | Noticed a death yak
  8719 | D:8      | Killed a death yak
  8720 | D:8      | Reached XP level 10. HP: 45/81 MP: 8/10
  8884 | D:8      | Noticed an elephant
  8913 | D:7      | Reached skill level 14 in Axes
  9252 | D:8      | Reached ** piety under Okawaru
  9795 | D:9      | Found Buty's Assorted Antiques.
  9796 | D:9      | Noticed a two-headed ogre
  9832 | D:9      | Killed a two-headed ogre
 10057 | D:9      | Learned a level 2 spell: Blink
 10185 | D:9      | Noticed Joseph
 10200 | D:9      | Killed Joseph
 10201 | D:9      | Reached skill level 1 in Translocations
 10438 | D:9      | Reached *** piety under Okawaru
 10844 | D:9      | Reached XP level 11. HP: 65/90 MP: 12/12
 11101 | D:10     | Entered Level 10 of the Dungeon
 11262 | D:10     | Reached **** piety under Okawaru
 11308 | D:10     | Noticed Josephine
 11326 | D:10     | Killed Josephine
 11327 | D:10     | Reached skill level 15 in Axes
 11333 | D:10     | Reached skill level 5 in Translocations
 11574 | D:10     | Reached ***** piety under Okawaru
 11592 | D:10     | Reached skill level 1 in Spellcasting
 11729 | D:10     | Received a gift from Okawaru
 11865 | D:10     | Noticed a skeletal warrior
 11920 | D:10     | Killed a skeletal warrior
 12196 | D:10     | Found a sparkling altar of Nemelex Xobeh.
 12967 | D:10     | Reached XP level 12. HP: 102/103 MP: 17/17
 13081 | D:11     | Identified the +2 cloak of Sloth {+Inv MP+9 Int-2 Dex+4}
 13242 | D:11     | Reached skill level 10 in Fighting
 13456 | D:11     | Reached skill level 16 in Axes
 13713 | D:11     | Noticed a five-headed hydra
 13723 | D:11     | Killed a five-headed hydra
 14266 | D:12     | Received a gift from Okawaru
 14341 | D:12     | Found a staircase to the Orcish Mines.
 14360 | D:12     | Noticed a two-headed ogre
 14377 | D:12     | Killed a two-headed ogre
 14609 | D:12     | Noticed a two-headed ogre
 14639 | D:12     | Killed a two-headed ogre
 14750 | D:12     | Reached skill level 5 in Armour
 14958 | D:12     | Found Nos Siasm's Antique Armour Emporium.
 15220 | D:13     | Noticed a centaur warrior
 15220 | D:13     | Noticed Azrael
 15234 | D:13     | Received a gift from Okawaru
 15255 | D:13     | HP: 5/110 [cyclops/large rock (30)]
 15678 | Orc:1    | Entered Level 1 of the Orcish Mines
 15878 | Orc:1    | Found an iron altar of Okawaru.
 16067 | Orc:2    | Entered Level 2 of the Orcish Mines
 16187 | Orc:2    | Found a staircase to the Elven Halls.
 16277 | Orc:2    | Paralysed by an orc sorcerer for 5 turns
 16594 | Orc:2    | Reached XP level 13. HP: 93/116 MP: 18/18
 16891 | Orc:2    | Found Zoess's Armour Shoppe.
 16891 | Orc:2    | Found Cus Rymo's Assorted Antiques.
 16891 | Orc:2    | Found Hiutal's General Store.
 16898 | Orc:2    | Found Lymuzueh's Antique Armour Emporium.
 16952 | Orc:2    | Bought a scroll of identify for 30 gold pieces
 17055 | Orc:2    | Noticed Rupert
 17056 | Orc:2    | Noticed an orc warlord
 17223 | Orc:2    | Paralysed by Rupert for 6 turns
 17747 | Lair:1   | Entered Level 1 of the Lair of Beasts
 18026 | Lair:1   | Found a transporter.
 18031 | Lair:1   | Noticed Aqauggits's ghost (journeyman PaFi)
 18118 | Lair:1   | Found a transporter.
 18225 | Lair:1   | Reached skill level 5 in Invocations
 19290 | Lair:2   | Found a hole to the Spider Nest.
 19639 | Lair:2   | You fall into a shaft and drop 1 floor!
 19647 | Lair:3   | Paralysed by a hornet for 2 turns
 19663 | Lair:3   | Received a gift from Okawaru
 19768 | Lair:3   | Found a staircase to the Shoals.
 19832 | Lair:3   | Found a frozen archway.
 19841 | IceCv    | Entered an ice cave
 21189 | Lair:3   | Reached XP level 14. HP: 107/127 MP: 19/19
 21189 | Lair:3   | Received a gift from Okawaru
 21276 | Lair:3   | Received a gift from Okawaru
 22845 | Lair:4   | Noticed Kirke
 22853 | Lair:4   | Killed Kirke
 24093 | Lair:5   | Found a staircase to the Slime Pits.
 24735 | Lair:6   | Entered Level 6 of the Lair of Beasts
 24760 | Lair:6   | Identified the +1 helmet of the Unbroken {Regen+ SInv}
                  | (Okawaru gifted it to you on level 6 of the Lair of Beasts)
 24760 | Lair:6   | Received a gift from Okawaru
 24761 | Lair:6   | Reached skill level 17 in Axes
 24838 | Lair:6   | Found a runed translucent door.
 24838 | Lair:6   | Noticed Igaqag's ghost (journeyman TrMo)
 25026 | Lair:6   | Identified the ring of the Swan {rC+ Will+ Str+3 Int+3}
 25299 | Arena    | Entered the Arena
 25323 | Arena    | Killed Igaqag's ghost
 25472 | Lair:6   | Reached XP level 15. HP: 80/135 MP: 22/22
 25516 | Lair:6   | Reached skill level 15 in Fighting
 25731 | Lair:6   | Reached skill level 10 in Invocations
 26093 | Lair:6   | Found the +7 captain's cutlass {speed, disarm}
 27537 | D:12     | Killed Azrael
 28330 | D:13     | Found a gate to the Vaults.
 28595 | D:13     | Learned a level 3 spell: Lesser Beckoning
 28599 | D:13     | Learned a level 3 spell: Portal Projectile
 28769 | D:14     | Reached skill level 1 in Hexes
 28774 | D:14     | Identified the +0 barding of the Pear {rElec rC++ Str-3}
                  | (Okawaru gifted it to you on level 14 of the Dungeon)
 28774 | D:14     | Received a gift from Okawaru
 29276 | D:14     | Found an ancient bone altar of Kikubaaqudgha.
 29483 | D:14     | Learned a level 5 spell: Manifold Assault
 29495 | D:15     | Entered Level 15 of the Dungeon
 29582 | D:15     | Reached skill level 18 in Axes
 29783 | D:15     | Reached XP level 16. HP: 74/147 MP: 24/24
 30059 | D:15     | Found a staircase to the Depths.
 30174 | D:15     | Found Etaomp's Magic Scroll Shoppe.
 30287 | D:15     | Noticed a tengu reaver
 30287 | D:15     | Found the +0 staff of Battle
 30297 | D:15     | Killed a tengu reaver
 30818 | Spider:1 | Entered Level 1 of the Spider Nest
 30821 | Spider:1 | Noticed Aizul
 30910 | Spider:1 | Reached skill level 1 in Evocations
 30925 | Lair:2   | Killed Aizul
 31019 | Spider:1 | Noticed Jorgrun
 31050 | Spider:1 | Killed Jorgrun
 31547 | Spider:1 | Noticed Asterion
 31587 | Spider:1 | Killed Asterion
 31763 | Spider:1 | Noticed Agnes
 31782 | Spider:1 | Killed Agnes
 32411 | D:5      | Bought a scroll of enchant armour for 75 gold pieces
 32706 | Lair:2   | Upgraded the game from 0.28-a0-793-g31680bbd8b to
                  | 0.28-a0-794-gafe8c5f9e9
 32782 | Spider:2 | Noticed Frances
 32787 | Spider:2 | Killed Frances
 32898 | Spider:2 | Received a gift from Okawaru
 33747 | Spider:3 | Reached skill level 19 in Axes
 33794 | Spider:2 | Learned a level 3 spell: Gell's Gravitas
 34004 | Spider:3 | Identified the +4 flail "Voskohui" {venom, Will+}
 34381 | Spider:3 | Found the +3 giant club "Skullcrusher" {speed, Str+7}
 34463 | Spider:4 | Entered Level 4 of the Spider Nest
 34655 | Spider:4 | Reached XP level 17. HP: 132/158 MP: 1/25
 34936 | Spider:4 | Found a runed translucent gate.
 34936 | Spider:4 | Found a runed translucent gate.
 34937 | Spider:4 | Noticed Plog's ghost (adept MiBe)
 34938 | Spider:4 | Found a runed translucent gate.
 35024 | Spider:4 | Reached skill level 10 in Translocations
 35241 | Spider:4 | Received a gift from Okawaru
 35476 | Spider:4 | Identified the +3 war axe of Yesterday {drain, rC+ rN+}
                  | (Okawaru gifted it to you on level 4 of the Spider Nest)
 35476 | Spider:4 | Received a gift from Okawaru
 35542 | Arena    | Entered the Arena
 35982 | Spider:4 | Got a gossamer rune of Zot
 36247 | Shoals:1 | Entered Level 1 of the Shoals
 36497 | Shoals:1 | Received a gift from Okawaru
 36576 | Shoals:1 | Found Zukkoam's Antique Armour Shop.
 37260 | Lair:3   | Upgraded the game from 0.28-a0-794-gafe8c5f9e9 to
                  | 0.28-a0-802-g09f76e8c00
 37529 | Shoals:2 | Noticed Polyphemus
 37553 | Arena    | Entered the Arena
 37557 | Arena    | Killed Polyphemus
 38030 | Shoals:2 | Noticed Mlioglotl
 38044 | Shoals:2 | Noticed a bone dragon
 38051 | Shoals:2 | Killed Mlioglotl
 38052 | Shoals:2 | Reached skill level 20 in Axes
 38057 | Shoals:2 | Noticed Ilsuiw
 38071 | Shoals:2 | Killed Ilsuiw
 38202 | Shoals:2 | Found Etacrir's Overcharged Wands.
 39371 | Shoals:3 | Found a runed translucent gate.
 39397 | Shoals:3 | Reached XP level 18. HP: 43/169 MP: 18/26
 39612 | Shoals:3 | Received a gift from Okawaru
 39746 | Shoals:3 | Found a runed translucent gate.
 39750 | Shoals:3 | Found a runed translucent gate.
 40206 | Shoals:4 | Entered Level 4 of the Shoals
 40211 | Shoals:4 | Reached skill level 10 in Armour
 40241 | Shoals:4 | Paralysed by an air elemental for 1 turns
 40247 | Shoals:4 | Paralysed by an air elemental for 1 turns
 40327 | Shoals:4 | Paralysed by an air elemental for 1 turns
 40331 | Shoals:4 | Paralysed by an air elemental for 1 turns
 40336 | Shoals:4 | Paralysed by an air elemental for 1 turns
 40589 | Shoals:4 | Paralysed by an air elemental for 1 turns
 40598 | Shoals:4 | Reached skill level 1 in Dodging
 40717 | Shoals:4 | Paralysed by an air elemental for 1 turns
 40729 | Shoals:4 | Paralysed by an air elemental for 1 turns
 40905 | Shoals:4 | Paralysed by an air elemental for 1 turns
 41447 | Shoals:4 | Got a barnacled rune of Zot
 41550 | Shoals:4 | Paralysed by an air elemental for 1 turns
 41556 | Shoals:4 | Paralysed by an air elemental for 1 turns
 41569 | Shoals:4 | Paralysed by an air elemental for 1 turns
 41576 | Shoals:4 | Paralysed by an air elemental for 1 turns
 41580 | Shoals:4 | Paralysed by an air elemental for 1 turns
 41586 | Shoals:4 | Paralysed by an air elemental for 1 turns
 41597 | Shoals:4 | Paralysed by an air elemental for 1 turns
 41603 | Shoals:4 | Paralysed by an air elemental for 1 turns
 42000 | Shoals:4 | Paralysed by an air elemental for 1 turns
 42531 | Lair:2   | Upgraded the game from 0.28-a0-802-g09f76e8c00 to
                  | 0.28-a0-823-gb444dcf96d
 42753 | Vaults:1 | Entered Level 1 of the Vaults
 43021 | Vaults:1 | Received a gift from Okawaru
 43222 | Vaults:1 | Reached skill level 21 in Axes
 43884 | Vaults:1 | Reached XP level 19. HP: 160/171 MP: 27/27
 44197 | Vaults:1 | Found Wumuzxot's General Store.
 44362 | Vaults:1 | Learned a level 3 spell: Teleport Other
 44454 | Vaults:2 | Found a crumbling gateway.
 44501 | Desolati | Entered the Desolation of Salt
 44553 | Desolati | Received a gift from Okawaru
 44737 | Desolati | Reached skill level 5 in Evocations
 45007 | Desolati | Found the +15 Maxwell's patent armour {-Cast -Tele rElec
                  | Will+ rCorr}
 45033 | Desolati | Found the +9 sword of Zonguldrok {reap}
 45103 | Desolati | Identified an amulet "Wala" {Rampage Regen+ Int+4 Dex+2}
 45121 | Desolati | Identified the +0 hand axe of Upheaval {elec, Str+4 Dex+4}
 45274 | Desolati | Identified the ring of Liberalism {*Corrode Will+ Dex+5
                  | SInv}
 45301 | Desolati | Identified the +0 robe "Wydep" {rC+ Regen+}
 45498 | Desolati | Identified the +10 hand crossbow "Muyf" {freeze, rPois rF+
                  | Will-}
 46404 | Vaults:2 | Found Pameadd's General Store.
 46433 | Vaults:2 | Found Ykelura's Book Boutique.
 46640 | Vaults:2 | Received a gift from Okawaru
 46931 | Lair:2   | Upgraded the game from 0.28-a0-823-gb444dcf96d to
                  | 0.28-a0-834-g1a73be5ee4
 47139 | Temple   | Upgraded the game from 0.28-a0-834-g1a73be5ee4 to
                  | 0.28-a0-850-g09de17f5b5
 47139 | Temple   | Upgraded the game from 0.28-a0-850-g09de17f5b5 to
                  | 0.28-a0-872-g80cf8599ee
 47154 | Temple   | Upgraded the game from 0.28-a0-872-g80cf8599ee to
                  | 0.28-a0-1130-gc51a68064b
 47154 | Temple   | Reached skill level 23 in Axes
 47154 | Temple   | Reached skill level 15 in Armour
 47154 | Temple   | Upgraded the game from 0.28-a0-1130-gc51a68064b to
                  | 0.29-a0-369-gd956c00756
 47154 | Temple   | Reached XP level 20. HP: 190/233 MP: 29/29
 47197 | Temple   | Reduced skill Axes to level 21
 47197 | Temple   | Reduced skill Invocations to level 10
 47197 | Temple   | Upgraded the game from 0.29-a0-369-gd956c00756 to
                  | 0.30-a0-23-ge60ba3568b
 47197 | Temple   | Reached XP level 19. HP: 181/181 MP: 36/36
 47209 | Temple   | Fell from the grace of Okawaru
 47209 | Temple   | Became a worshipper of the Shining One
 47230 | Temple   | Fell from the grace of the Shining One
 47230 | Temple   | Became a worshipper of Qazlal Stormbringer
 47792 | Vaults:3 | Reached XP level 20. HP: 135/190 MP: 28/28
 47892 | Vaults:3 | Reached * piety under Qazlal
 47975 | Vaults:3 | Found a staircase to the Crypt.
 48043 | Vaults:3 | Noticed Bai Suzhen
 48061 | Vaults:3 | Killed Bai Suzhen
 48062 | Vaults:3 | Reached skill level 22 in Axes
 48454 | Vaults:3 | Reached ** piety under Qazlal
 48584 | Vaults:3 | HP: 9/190 [orc knight/+0 broad axe of electrocution[the
                  | fury of Okawaru] (16)]
 48585 | Vaults:3 | HP: 3/190 [orc warlord/+0 glaive[the fury of Okawaru] (24)]
 48585 | Vaults:3 | Demolished by an orc knight

Illustrated notes

Levels and vault maps discovered:
D:1:      minmay_arrival_widening_spiral_wide, layout_loops_ring
D:2:      layout_basic, minmay_tromino_v2
D:3:      layout_basic, nicolae_hepliaklqana_hazy_memory, lemuel_doored_altar,
          lightli_sewer_entry_pipes, kennysheep_generic_room_7, uniq_robin
D:4:      layout_loops_corners, goddamned_bats
D:5:      layout_rooms, serial_shops, shop
D:6:      minmay_evil_eye, layout_rooms, lemuel_crystal_altar,
          minmay_temple_entry_junction, serial_shops, kennysheep_little_box,
          nicolae_take_the_stairs, nicolae_shop_sticking_my_neck_out
D:7:      layout_loops_ring, mainiacjoe_overflow_brackets,
          chequers_serial_rivers_small_b, uniq_duvessa, uniq_prince_ribbit1
D:8:      layout_loops_ring, xom_butterflies, david_lair_generic,
          solitary_fountain
D:9:      layout_basic, serial_shops, nicolae_shop_trees,
          chequers_serial_rivers_small_3, minmay_misc_feat_tiny, uniq_joseph
D:10:     hangedman_screamer, layout_irregular_city,
          nicolae_overflow_crystal_walls
D:11:     layout_long_grid, grunt_decor_mini_mirrors, minmay_stone_trees_large
D:12:     layout_loops_cross, orc_0_dummy, serial_shops, shop
D:13:     layout_stronghold, david_vaults_1, uniq_azrael
D:14:     layout_cave_pools, kiku_gazebo_pond_becter, minmay_liquid_box
D:15:     grunt_enter_depths_magical_seal, layout_loops_ring, bh_walls_and_bars,
          serial_shops, shop, hellmonk_guarded_unrand_staff_of_battle
Temple:   eino_temple_scatter_basement
Lair:1:   layout_loops_ring, nzn_ghost_randoct, grunt_megastairs_5
Lair:2:   layout_big_grid, spider_nest_entry_web_field, serial_bayou_ford_a,
          wad_woods_02, infiniplex_staircase_pool_2
Lair:3:   layout_chaotic_city, minmay_shoals_entry_hut,
          portal_ice_cave_entry_pillars_2, serial_bayou_pond_d,
          beast_lair_carwin_6, grunt_megastairs_3
Lair:4:   layout_long_grid, chequers_serial_rivers_micro_d,
          chequers_serial_rivers_room_a, serial_bayou_shore_b,
          lemuel_fruit_fields, uniq_kirke
Lair:5:   layout_regular_city, minmay_slime_entry_oklob_open
Lair:6:   due_jungle_book, layout_loops_ring, gammafunk_ghost_grave
Shoals:1: layout_shoals, serial_shops, shop_fountains
Shoals:2: layout_shoals, nicolae_shop_overcharged_wands, uniq_ilsuiw,
          uniq_polyphemus, uniq_mlioglotl
Shoals:3: layout_shoals, nicolae_shoals_beach_cooler
Shoals:4: shoals_end_hellmonk_storm_palace [storm_palace_center_circular,
          storm_palace_corner_blocked, storm_palace_corner_reverse_hut,
          storm_palace_corner_narrow, storm_palace_corner_narrow]
Spider:1: layout_spider_delve, einodemon_crawler_minivault, uniq_asterion,
          uniq_jorgrun, uniq_aizul, uniq_agnes
Spider:2: layout_spider_delve, nicolae_spider_claw_tunnel, uniq_frances
Spider:3: nicolae_spider_mines_3, spiders_nest_hornet_nest
Spider:4: grunt_spider_rune_circles, gammafunk_ghost_tricky_traps
Orc:1:    layout_caves, david_defended_altar_orc
Orc:2:    st_orc_mages, layout_diamond_mine, uniq_rupert
Vaults:1: nicolae_vaults_network_square, nicolae_vaults_disjoint_gnomons,
          hangedman_vaults_locks, ontoclasm_vaults_bender,
          nicolae_vaults_puzzle_piece, vaults_dpeg_cross, vaults_dpeg_hooks,
          ontoclasm_vaults_fault, ontoclasm_vaults_shout, vaults_room_pools,
          vaults_mumra_chevron_long, v_misc_29, layout_vaults_maze_bifur,
          serial_shops, shop_statue
Vaults:2: portal_desolation_entry_nicolae_slug, v_misc_10,
          vaults_room_glass_cross, hangedman_vaults_restitches,
          vaults_room_corners, v_rooms_3, nicolae_vaults_network_s,
          layout_vaults_big_room, serial_shops, shop, shop
Vaults:3: minmay_crypt_entry_simple_plaza, ontoclasm_vaults_decontamination,
          dpeg_vaults_monster_box, v_misc_18, nicolae_vaults_yaktaur_gun_rack,
          hangedman_vaults_trim, vaults_room_fours, ontoclasm_vaults_idyll,
          grunt_vaults_hallway_short, layout_vaults_omnigrid, uniq_bai_suzhen,
          uniq_xtahua

Skill      XL: |  1  2  3  4  5  6  7  8  9 10 11 12 13 14 15 16 17 18 19 20 |
---------------+-------------------------------------------------------------+-----
Axes           | 3 4 5 6 7 9 11 13 14 15 16 17 18 19 20 21 23 22 | 22.1
Fighting       | 5 7 9 12 13 14 16 17 18 19 22 20 | 20.7
Invocations    | 2 7 9 10 11 10 | 10.7
Translocations | 3 5 7 9 11 14 11 | 11.8
Spellcasting   | 3 4 3 |  3.4
Armour         | 5 7 9 10 12 11 | 12.3
Hexes          | 2 |  2.1
Evocations     | 1 3 8 7 |  7.7
Dodging        | 3 4 3 |  3.1
Shields        | 3 2 |  2.9

Action                   |  1- 3 |  4- 6 |  7- 9 | 10-12 | 13-15 | 16-18 | 19-21 || total
-------------------------+-------+-------+-------+-------+-------+-------+-------++-------
Melee: War axe           |   125 |   162 |   267 |   625 |  1323 |       |       ||  2502
       Tailslap          |    10 |    15 |    31 |   112 |   313 |   226 |   110 ||   817
       Flail             |       |       |       |     6 |    67 |    34 |       ||   107
       Executioner's axe |       |       |       |       |    68 |  1258 |   591 ||  1917
       Broad axe         |       |       |       |       |    18 |    45 |       ||    63
       Great mace        |       |       |       |       |       |       |    14 ||    14
Throw: Stone             |       |     2 |     6 |       |       |       |       ||     8
       Dart              |       |       |     1 |    20 |    30 |   112 |       ||   163
       Boomerang         |       |       |       |       |       |    12 |     2 ||    14
 Cast: Blink             |       |       |       |     1 |     6 |     6 |     1 ||    14
       Manifold Assault  |       |       |       |       |       |    54 |     4 ||    58
       Gell's Gravitas   |       |       |       |       |       |       |     1 ||     1
Invok: Heroism           |       |       |     2 |     9 |    18 |    18 |     7 ||    54
       Finesse           |       |       |       |     5 |    13 |    10 |     8 ||    36
       Duel              |       |       |       |       |     1 |     2 |       ||     3
       Upheaval          |       |       |       |       |       |       |     1 ||     1
 Abil: Rolling Charge    |    25 |    19 |    37 |    55 |   123 |   186 |    83 ||   528
Evoke: Phantom mirror    |       |       |     1 |       |       |       |       ||     1
       Wand              |       |       |     2 |     3 |     3 |    23 |     6 ||    37
       Phial of floods   |       |       |       |       |       |       |     1 ||     1
  Use: Scroll            |     5 |       |     6 |     7 |    13 |     6 |     4 ||    41
       Potion            |       |     2 |     5 |     1 |     8 |    12 |     4 ||    32
 Stab: Sleeping          |       |       |     1 |       |       |       |       ||     1
       Invisible         |       |       |       |       |     1 |       |       ||     1
       Held in net/web   |       |       |       |       |       |     1 |       ||     1
Armor: Scale mail        |    72 |    60 |   161 |   385 |   895 |  1162 |       ||  2735
       Plate armour      |       |       |       |       |       |   207 |   497 ||   704
Dodge: Dodged            |    32 |    49 |    96 |   163 |   303 |   430 |   145 ||  1218
Block: Buckler           |    24 |    27 |    51 |   103 |   199 |     3 |       ||   407
       Kite shield       |       |       |       |       |       |    32 |       ||    32
       Other             |       |       |       |       |       |       |     5 ||     5

Table legend: (Time is in decaauts)
 A = Elapsed time spent in this place.
 B = Non-inter-level travel time spent in this place.
 C = Inter-level travel time spent in this place.
 D = Time resting spent in this place.
 E = Time spent auto-exploring this place.
 F = Levels seen in this place.
 G = Mean time per level.
                   A        B        C        D        E       F      G
               +--------+--------+--------+--------+--------+-----+--------+
         Total |  48219 |  43466 |   4753 |  11012 |  22217 |  41 | 1176.1 |
       Dungeon |  19742 |  17230 |   2512 |   5142 |   9017 |  15 | 1316.1 |
        Temple |    353 |    304 |     49 |     21 |    129 |   1 |  353.0 |
          Lair |   8748 |   7406 |   1342 |    953 |   4572 |   6 | 1458.0 |
        Shoals |   6161 |   5794 |    367 |   1569 |   2767 |   4 | 1540.2 |
   Spider Nest |   4522 |   4333 |    189 |   1087 |   1960 |   4 | 1130.5 |
  Orcish Mines |   1748 |   1654 |     94 |    655 |    637 |   2 |  874.0 |
        Vaults |   3876 |   3679 |    197 |    831 |   1843 |   3 | 1292.0 |
         Sewer |    739 |    739 |      0 |      0 |    345 |   1 |  739.0 |
      Ice Cave |   1240 |   1240 |      0 |    527 |    451 |   1 | 1240.0 |
    Desolation |    958 |    958 |      0 |    122 |    493 |   1 |  958.0 |
         Arena |    128 |    128 |      0 |    103 |      0 |   3 |   42.7 |
               +--------+--------+--------+--------+--------+-----+--------+

Top non-repeatable levels by time:
     D:8: 2228 daAuts
  Lair:6: 2189 daAuts
     D:9: 2100 daAuts
Shoals:2: 1970 daAuts
Shoals:4: 1925 daAuts
    D:10: 1908 daAuts
  Lair:2: 1819 daAuts
    D:13: 1674 daAuts
Vaults:1: 1622 daAuts
    D:12: 1619 daAuts
  Lair:1: 1565 daAuts
     D:4: 1494 daAuts
Vaults:2: 1410 daAuts
     D:3: 1314 daAuts
Spider:1: 1307 daAuts
